 Dungeon Crawl Stone Soup version 0.23.2 (webtiles) character file.

Game seed: 16712088448170191624

232 Menchi the Covert (level 6, -1/35 HPs)
             Began as a Kobold Assassin on Apr 10, 2019.
             Was an Initiate of Dithmenos.
             Slain by a gnoll
             ... wielding a +0 spear
              (10 damage)
             ... on level 4 of the Dungeon.
             The game lasted 00:06:18 (3186 turns).

Menchi the Covert (Kobold Assassin)                 Turns: 3186, Time: 00:06:19

Health: -1/35      AC:  5    Str: 10    XL:     6   Next: 25%
Magic:  6/6        EV: 16    Int: 12    God:    Dithmenos [......]
Gold:   143        SH:  0    Dex: 17    Spells: 5/5 levels left

rFire    . . .     SeeInvis .   a - +2 dagger
rCold    . . .     Gourm    .   (shield restricted)
rNeg     . . .     Faith    .   c - +0 robe
rPois    .         Spirit   .   k - +1 helmet
rElec    .         Reflect  .   d - +0 cloak
rCorr    .         Harm     .   (no gloves)
MR       .....                  (no boots)
Stlth    ++++......             (no amulet)
HPRegen  0.11/turn              (no ring)
MPRegen  0.10/turn              (no ring)

@: no status effects
A: small, carnivore
a: Renounce Religion


You were on level 4 of the Dungeon.
You worshipped Dithmenos.
Dithmenos was noncommittal.
You were full.

You visited 1 branch of the dungeon, and saw 4 of its levels.

You collected 143 gold pieces.

Inventory:

Hand Weapons
 a - a +2 dagger (weapon)
 b - a +0 blowgun
Missiles
 e - 3 poisoned needles
 f - 2 curare-tipped needles
Armour
 c - a +0 robe (worn)
 d - a +0 cloak (worn)
 k - a +1 helmet (worn)
Scrolls
 i - a scroll of enchant armour
 j - a scroll of remove curse
 l - a scroll of immolation
 o - a scroll of teleportation
Potions
 h - a potion of curing {unknown}
 m - a potion of magic {unknown}
 n - a potion of agility {unknown}
 q - 2 potions of heal wounds {unknown}
 r - a potion of resistance {unknown}
Comestibles
 g - 6 rations


   Skills:
 - Level 2.1 Fighting
 * Level 4.6 Short Blades
 - Level 2.1 Throwing
 * Level 3.2 Dodging
 * Level 8.1 Stealth


You had 5 spell levels left.
You didn't know any spells.
Your spell library was empty.

Dungeon Overview and Level Annotations

Branches:
Dungeon (4/15)
 Temple: D:4-7

Altars:
Dithmenos
Fedhas
Wu Jian
Xom

Annotations:
D:4 Grinder


Innate Abilities, Weirdness & Mutations

You are small and have problems with some larger weapons.
You are carnivorous and can eat meat at any time.


Message History

The gnoll is heavily wounded.
The gnoll closely misses you.
You hit the gnoll.
The gnoll is severely wounded.
The gnoll misses you.
You hit the gnoll but do no damage.
The gnoll is severely wounded.
The gnoll closely misses you.
You hit the gnoll.
The gnoll is almost dead.
You hit the gnoll but do no damage.
The gnoll is almost dead.
The gnoll closely misses you.
You hit the gnoll but do no damage.
The gnoll is almost dead.
The gnoll completely misses you.
You hit the gnoll but do no damage.
The gnoll is almost dead.
The gnoll hits you with a +0 spear!
You die...

......# #........## #S# #####.#
#........# #.# #.# ####.###.# #S.
#.# ### ### ##. ##.## #.
##...######.# ### #..
#...........# ##.## #...
####...############...#### .....
......########..@g.(#....# #.S...
#####..........####...#####......
################.## .....#.
#........# ....### #######..#
#gg...g..# #######.## #.# #.#


You could see a gnoll.

Vanquished Creatures
  An ogre (D:4)
  A hound (D:4)
  2 gnolls
  3 adders
  An adder skeleton (D:4)
  2 worms (D:2)
  2 dart slugs
  2 orcs (D:3)
  A ball python (D:1)
  3 giant cockroaches
  8 goblins
  7 hobgoblins
  8 jackals
  2 quokkas (D:4)
  5 bats (D:1)
  3 frilled lizards
  A jackal skeleton (D:4)
  3 kobolds
  5 rats
60 creatures vanquished.

Vanquished Creatures (others)
  A worm (D:3)
1 creature vanquished.

Grand Total: 61 creatures vanquished

Notes
Turn   | Place    | Note
-------+----------+-------------------------------------------
     0 | D:1      | Menchi the Kobold Assassin began the quest for the Orb.
     0 | D:1      | Reached XP level 1. HP: 12/12 MP: 1/1
    38 | D:1      | Reached XP level 2. HP: 10/17 MP: 2/2
   271 | D:1      | Reached skill level 6 in Stealth
   526 | D:1      | Reached XP level 3. HP: 18/21 MP: 3/3
  1074 | D:2      | Found a blossoming altar of Fedhas.
  1291 | D:2      | Reached XP level 4. HP: 26/26 MP: 4/4
  1644 | D:2      | Reached skill level 7 in Stealth
  2362 | D:3      | Found a shadowy altar of Dithmenos.
  2362 | D:3      | Found a shimmering altar of Xom.
  2366 | D:3      | Became a worshipper of Dithmenos the Shadowed
  2704 | D:4      | Reached XP level 5. HP: 8/30 MP: 5/5
  2873 | D:4      | Noticed Grinder
  2935 | D:4      | Noticed an ogre
  2940 | D:4      | Found an ornate altar of the Wu Jian Council.
  2946 | D:4      | Killed an ogre
  2946 | D:4      | Reached skill level 8 in Stealth
  2946 | D:4      | Reached XP level 6. HP: 17/35 MP: 6/6
  3186 | D:4      | Slain by a gnoll

Skill      XL: |  1  2  3  4  5 |
---------------+----------------+-----
Stealth        | 6 7 8 |  8.1
Short Blades   | 3 4 |  4.6
Dodging        | 2 3 |  3.2
Fighting       | |  2.1
Throwing       | |  2.1

Action                   |  1- 3 |  4- 6 || total
-------------------------+-------+-------++-------
Melee: Dagger            |    97 |   152 ||   249
 Fire: Blowgun           |       |    15 ||    15
  Use: Scroll            |       |     6 ||     6
 Stab: Sleeping          |     8 |     9 ||    17
       Distracted        |       |     1 ||     1
  Eat: Chunk             |     9 |     4 ||    13
Armor: Robe              |    17 |    27 ||    44
Dodge: Dodged            |    75 |   100 ||   175
